 Dungeon Crawl Stone Soup version 0.21-a0-509-gecc5317 (webtiles) character file.

17051 slep the Cleaver (level 12, -14/107 HPs)
             Began as a Minotaur Fighter on Nov 29, 2017.
             Was the Champion of Okawaru.
             Demolished by a two-headed ogre
             ... wielding a +0 giant club
              (24 damage)
             ... on level 12 of the Dungeon on Nov 30, 2017.
             The game lasted 00:56:13 (8860 turns).

slep the Cleaver (Minotaur Fighter)                 Turns: 8860, Time: 00:56:13

Health: -14/107    AC: 13    Str: 22    XL:     12   Next: 15%
Magic:  11/11      EV: 12    Int:  7    God:    Okawaru [******]
Gold:   764        SH: 13    Dex: 14    Spells: 11/11 levels left

rFire    + + .     SeeInvis +   a - +4 war axe (freeze)
rCold    + + .     Gourm    .   c - +0 shield
rNeg     . . .     Faith    +   H - +0 scale mail
rPois    .         Spirit   .   (helmet restricted)
rElec    +         Reflect  .   (no cloak)
rCorr    .         Harm     .   o - +2 pair of gloves {archery}
MR       +....                  G - +0 pair of boots
Stlth    +.........             X - amulet of faith
HPRegen  0.67/turn              S - +2 ring of slaying
MPRegen  0.12/turn              t - ring of protection from cold

@: berserk cooldown, slowed, invisible, very slow
A: retaliatory headbutt, horns 2, see invisible, blink, clever 1, cold
resistance 1, fire resistance 2, magic resistance 1, regeneration 1, screaming
2, electricity resistance
a: Blink, Heroism, Finesse, Renounce Religion


You were on level 12 of the Dungeon.
You worshipped Okawaru.
Okawaru was exalted by your worship.
You were not hungry.

You visited 2 branches of the dungeon, and saw 13 of its levels.

You collected 764 gold pieces.

Inventory:

Hand Weapons
 a - a +4 war axe of freezing (weapon)
 b - a +0 blowgun
 C - a +2 flail of holy wrath
 M - a +2 flail of freezing
Missiles
 h - 6 curare-tipped needles
Armour
 c - a +0 shield (worn)
 o - a +2 pair of gloves of archery (worn)
 G - a +0 pair of boots (worn)
 H - a +0 scale mail (worn)
Jewellery
 e - the amulet of Kueleoge {Reflect rElec SH+2 SInv}
   (You found it on level 8 of the Dungeon)

   [amulet of reflection]

   It shields you and reflects attacks.
   It insulates you from electricity.
   It lets you see invisible.
   It affects your SH (+2).
 t - a ring of protection from cold (right hand)
 S - a +2 ring of slaying (left hand)
 X - an amulet of faith (around neck)
Wands
 z - a wand of acid (4)
 D - a wand of polymorph (25)
 E - a wand of flame (22)
 J - a wand of iceblast (10)
Scrolls
 i - a scroll of remove curse
 l - 6 scrolls of identify
 n - 3 scrolls of magic mapping {unknown}
 r - 2 scrolls of teleportation
 s - 3 scrolls of fear {unknown}
 y - a scroll of acquirement {unknown}
 B - a scroll of holy word {unknown}
 L - 3 scrolls of fog
 Q - a scroll of summoning {unknown}
Potions
 d - a potion of might
 g - a potion of agility
 j - a potion of mutation
 k - a potion of brilliance
 m - 2 potions of curing
 w - 3 potions of lignification
 P - 2 potions of ambrosia {unknown}
 V - a potion of flight
Books
 A - a book of Changes

   Spells                             Type                      Level
   a - Beastly Appendage              Transmutation                1
   b - Sticks to Snakes               Transmutation                2
   c - Spider Form                    Transmutation/Poison         3
   d - Ice Form                       Ice/Transmutation            4
   e - Blade Hands                    Transmutation                5
 F - a book of Ice

   Spells                             Type                      Level
   a - Ice Form                       Ice/Transmutation            4
   b - Metabolic Englaciation         Hexes/Ice                    5
   c - Ozocubu's Refrigeration        Ice                          6
   d - Bolt of Cold                   Conjuration/Ice              6
   e - Freezing Cloud                 Conjuration/Ice/Air          6
   f - Simulacrum                     Ice/Necromancy               6
 N - a book of Debilitation

   Spells                             Type                      Level
   a - Corona                         Hexes                        1
   b - Slow                           Hexes                        2
   c - Inner Flame                    Hexes/Fire                   3
   d - Portal Projectile              Hexes/Translocation          3
   e - Cause Fear                     Hexes                        4
   f - Leda's Liquefaction            Hexes/Earth                  4
 R - a book of Party Tricks

   Spells                             Type                      Level
   a - Summon Butterflies             Summoning                    1
   b - Apportation                    Translocation                1
   c - Lesser Beckoning               Translocation                3
   d - Tukima's Dance                 Hexes                        3
   e - Alistair's Intoxication        Transmutation/Poison         5
   f - Invisibility                   Hexes                        6
Miscellaneous
 Y - a phial of floods
Comestibles
 f - 8 bread rations
 u - 6 chunks of flesh
 v - 2 meat rations
 x - 7 fruits
 K - 4 royal jellies


   Skills:
 + Level 10.4 Fighting
 + Level 14.4(14.5) Axes
 + Level 2.3(10.0) Maces & Flails
 + Level 9.2 Armour
 + Level 5.6 Dodging
 + Level 2.0 Stealth
 + Level 11.8 Shields


You had 11 spell levels left.
You didn't know any spells.

Dungeon Overview and Level Annotations

Branches:
Dungeon (12/15)            Temple (1/1) D:4            Lair (0/6) D:9
    Orc (0/2) D:10

Altars:
Ashenzari
Cheibriados
Dithmenos
Elyvilon
Fedhas
Gozag
Makhleb
Nemelex Xobeh
Okawaru
Qazlal
Ru
Sif Muna
Trog
Uskayaw
Vehumet
Wu Jian
Xom
Zin
The Shining One
Lugonu

Shops:
D:8 [:


Innate Abilities, Weirdness & Mutations

You reflexively headbutt those who attack you in melee.
You have a pair of horns on your head.
You have supernaturally acute eyesight. (SInv)
You can translocate small distances at will.
Your mind is acute. (Int +2)
Your flesh is cold resistant. (rC+)
Your flesh is very heat resistant. (rF++)
You are resistant to hostile enchantments. (MR+)
Your natural rate of healing is unusually fast.
You sometimes yell uncontrollably at your foes.
You are resistant to electric shocks. (rElec)


Message History

You feel a strong urge to attack something.
You feel your anger nearly subside.
You are no longer berserk.
You are exhausted.
You feel yourself slow down.
You slash the crimson imp! You freeze the crimson imp.
You kill the crimson imp!
Okawaru accepts your kill.
A big kobold comes into view.
You yell at the big kobold!
You hear a shout! x3
The red ugly thing misses you.
You hear a shout!
Things that are here:
a giant club; a dire flail You fade into invisibility!
You block the red ugly thing's attack.
The two-headed ogre hits you with a giant club!
* * * LOW HITPOINT WARNING * * *
The two-headed ogre hits you with a giant spiked club!!
You die...

######### #..))...#####
######..#@O#≈≈≈≈≈≈
#.......#u....####
#.......##....# .# #
#.....#.#≈....##.# .#
####.....#.#≈......†#..###
.............≈###..........
##..####......#.≈# #..........
(..#####...K.##.≈#$....≈≈≈#'##
.............##.≈####..≈8≈#


You could see a red ugly thing and a two-headed ogre.

Vanquished Creatures
  A hydra (D:11)
  2 two-headed ogres
  An unseen horror (D:10)
  Pikel (D:7)
  6 ugly things
  2 large abominations (D:10)
  2 gargoyles
  2 centaur skeletons
  An ancient zyme (D:10)
  A hornet (D:12)
  A raiju (D:10)
  Grinder (D:5)
  A hippogriff (D:9)
  Sigmund (D:4)
  4 yaks
  2 wraiths
  Grum (D:9)
  4 hungry ghosts
  A water moccasin (D:6)
  2 orc warriors (D:7)
  3 ice beasts
  4 slaves (D:7)
  3 black bears
  A necrophage (D:8)
  12 sky beasts
  3 phantoms
  3 centaurs
  7 ogres
  4 wolves (D:9)
  The ghost of arthad the Skirmisher, an amateur GrFi (D:3)
  A big kobold (D:10)
  12 bullfrogs
  A wyvern zombie (D:12)
  6 scorpions
  8 wights
  9 howler monkeys
  5 crimson imps
  2 centaur zombies
  2 bullfrog zombies
  4 orc priests
  6 hounds
  A bullfrog skeleton (D:12)
  6 jellies
  4 orc wizards
  Ijyb (D:5)
  4 iguanas
  12 worker ants
  2 worker ant zombies
  13 gnolls
  18 adders
  6 shadow imps
  An adder zombie (D:8)
  An adder skeleton (D:5)
  2 worms
  5 dart slugs (D:1)
  6 leopard geckos
  37 orcs
  9 bats
  2 giant cockroaches
  8 goblins
  7 hobgoblins
  8 jackals
  3 quokkas
  2 ball pythons (D:3)
  6 frilled lizards
  10 kobolds
  A leopard gecko skeleton (D:4)
  A quokka skeleton (D:4)
  7 rats
317 creatures vanquished.

Vanquished Creatures (others)
  A centaur zombie (D:12)
  A kobold (D:10)
2 creatures vanquished.

Grand Total: 319 creatures vanquished

Notes
Turn   | Place    | Note
-------+----------+-------------------------------------------
     0 | D:1      | slep the Minotaur Fighter began the quest for the Orb.
     0 | D:1      | Reached XP level 1. HP: 19/19 MP: 0/0
    27 | D:1      | Reached XP level 2. HP: 27/27 MP: 1/1
   136 | D:1      | Reached XP level 3. HP: 33/33 MP: 2/2
   393 | D:1      | Reached skill level 3 in Axes
   715 | D:2      | Reached XP level 4. HP: 35/40 MP: 3/3
  1296 | D:3      | Reached skill level 4 in Axes
  1297 | D:3      | Reached skill level 1 in Dodging
  1330 | D:3      | Reached XP level 5. HP: 44/47 MP: 4/4
  1336 | D:3      | Noticed arthad's ghost (amateur GrFi)
  1463 | D:4      | Found a staircase to the Ecumenical Temple.
  1472 | Temple   | Entered the Ecumenical Temple
  1487 | Temple   | Became a worshipper of Warmaster Okawaru
  1643 | D:4      | Noticed Sigmund
  1654 | D:4      | Killed Sigmund
  1654 | D:4      | Reached skill level 5 in Axes
  1654 | D:4      | Reached skill level 5 in Shields
  1654 | D:4      | Reached XP level 6. HP: 45/55 MP: 5/5
  1671 | D:3      | Killed arthad's ghost
  1671 | D:3      | Reached skill level 5 in Fighting
  1789 | D:3      | Reached skill level 5 in Armour
  1998 | D:3      | Found a glowing golden altar of the Shining One.
  2250 | D:4      | Reached * piety under Okawaru
  2250 | D:4      | Reached XP level 7. HP: 61/61 MP: 6/6
  2378 | D:4      | Reached skill level 6 in Axes
  2446 | D:4      | Found a shadowy altar of Dithmenos.
  2593 | D:5      | Entered Level 5 of the Dungeon
  2728 | D:5      | Noticed Ijyb
  2740 | D:5      | Killed Ijyb
  2913 | D:5      | Reached ** piety under Okawaru
  2935 | D:5      | Reached XP level 8. HP: 31/70 MP: 7/7
  2936 | D:5      | Noticed Grinder
  2949 | D:5      | Killed Grinder
  2949 | D:5      | Reached skill level 7 in Axes
  2987 | D:5      | Found a shimmering altar of Xom.
  2988 | D:5      | Found a deep blue altar of Sif Muna.
  2988 | D:5      | Found a hide-covered altar of Uskayaw.
  2989 | D:5      | Found a blossoming altar of Fedhas.
  2989 | D:5      | Found a white marble altar of Elyvilon.
  3935 | D:6      | Reached *** piety under Okawaru
  3935 | D:6      | Reached skill level 8 in Axes
  3945 | D:6      | Reached XP level 9. HP: 49/78 MP: 8/8
  4160 | D:6      | Reached skill level 1 in Stealth
  4170 | D:6      | Reached skill level 9 in Axes
  4520 | D:7      | Reached **** piety under Okawaru
  4587 | D:7      | Noticed Pikel
  4613 | D:7      | Killed Pikel
  4613 | D:7      | Reached skill level 10 in Axes
  4748 | D:7      | Found a burning altar of Makhleb.
  5110 | D:7      | Gained mutation: Scrolls take you a little longer to read. [mutagenic meat]
  5111 | D:7      | Gained mutation: You are dopey. (Int -2) [mutagenic meat]
  5112 | D:7      | Gained mutation: Your natural rate of healing is unusually fast. [mutagenic meat]
  5141 | D:7      | Reached XP level 10. HP: 88/88 MP: 9/9
  5181 | D:7      | Found a stormy altar of Qazlal.
  5428 | D:8      | Found Onum's Antique Armour Boutique.
  5451 | D:8      | Lost mutation: Scrolls take you a little longer to read. [mutagenic meat]
  5453 | D:8      | Lost mutation: You are dopey. (Int -2) [mutagenic meat]
  5454 | D:8      | Gained mutation: You occasionally shout uncontrollably at your foes. [mutagenic meat]
  5456 | D:8      | Gained mutation: Your flesh is cold resistant. (rC+) [mutagenic meat]
  5759 | D:8      | Found Voshrov's Book Boutique.
  5791 | D:8      | Noticed a two-headed ogre
  5798 | D:8      | Killed a two-headed ogre
  5798 | D:8      | Reached ***** piety under Okawaru
  5798 | D:8      | Reached skill level 11 in Axes
  5843 | D:8      | Received a gift from Okawaru
  5844 | D:8      | Found a transporter.
  6149 | D:9      | Found a staircase to the Lair.
  6423 | D:9      | Noticed Grum
  6427 | D:9      | Killed Grum
  6441 | D:9      | Reached skill level 12 in Axes
  6595 | D:9      | Found an ornate altar of the Wu Jian Council.
  6694 | D:8      | Lost mutation: Your flesh is cold resistant. (rC+) [potion of mutation]
  6694 | D:8      | Lost mutation: You occasionally shout uncontrollably at your foes. [potion of mutation]
  6694 | D:8      | Gained mutation: You have an increased reservoir of magic. (+10% MP) [potion of mutation]
  6694 | D:8      | Gained mutation: Your flesh is heat resistant. (rF+) [potion of mutation]
  6782 | D:8      | Found a transporter.
  6820 | D:8      | Got a pitted crystal amulet
  6974 | D:8      | Identified the amulet of Kueleoge {Reflect rElec SH+2 SInv} (You found it on level 8 of the Dungeon)
  7019 | D:10     | Entered Level 10 of the Dungeon
  7052 | D:10     | Received a gift from Okawaru
  7053 | D:10     | Noticed an unseen horror
  7060 | D:10     | Reached XP level 11. HP: 73/97 MP: 11/11
  7062 | D:10     | Reached skill level 10 in Shields
  7064 | D:10     | Killed an unseen horror
  7153 | D:10     | Found a transporter.
  7156 | D:10     | Found a corrupted altar of Lugonu.
  7230 | D:10     | Found a staircase to the Orcish Mines.
  7442 | D:10     | Reached skill level 13 in Axes
  7717 | D:10     | Noticed a white ugly thing
  7717 | D:10     | Noticed a purple ugly thing
  7718 | D:10     | Noticed a purple ugly thing
  7718 | D:10     | Found a transporter.
  7718 | D:10     | Noticed a brown ugly thing
  7733 | D:10     | Killed a purple ugly thing
  7741 | D:10     | Killed a cyan ugly thing
  7743 | D:10     | Killed a purple ugly thing
  7744 | D:10     | Noticed a white ugly thing
  7745 | D:10     | Killed a purple ugly thing
  7745 | D:10     | Reached skill level 5 in Dodging
  7755 | D:10     | Killed a white ugly thing
  7853 | D:10     | Gained mutation: You occasionally shout uncontrollably at your foes. [mutagenic meat]
  7854 | D:10     | Gained mutation: Your mind is acute. (Int +2) [mutagenic meat]
  7855 | D:10     | Gained mutation: You can translocate small distances at will. [mutagenic meat]
  7912 | D:11     | Noticed a brown ugly thing
  7918 | D:11     | Killed a brown ugly thing
  8003 | D:11     | Reached skill level 14 in Axes
  8023 | D:11     | Noticed an eight-headed hydra
  8036 | D:11     | Killed a 15-headed hydra
  8036 | D:11     | Reached skill level 10 in Fighting
  8153 | D:11     | Gained mutation: Your flesh is cold resistant. (rC+) [mutagenic meat]
  8154 | D:11     | Lost mutation: You have an increased reservoir of magic. (+10% MP) [mutagenic meat]
  8155 | D:11     | Gained mutation: You sometimes yell uncontrollably at your foes. [mutagenic meat]
  8780 | D:12     | Reached XP level 12. HP: 106/106 MP: 11/11
  8794 | D:12     | Paralysed by a hornet for 2 turns
  8801 | D:12     | Noticed a two-headed ogre
  8807 | D:12     | Reached skill level 1 in Maces & Flails
  8809 | D:12     | Killed a two-headed ogre
  8809 | D:12     | Reached ****** piety under Okawaru
  8812 | D:12     | Received a gift from Okawaru
  8831 | D:12     | Gained mutation: You are resistant to electric shocks. (rElec) [mutagenic meat]
  8832 | D:12     | Gained mutation: Your flesh is very heat resistant. (rF++) [mutagenic meat]
  8833 | D:12     | Gained mutation: You have supernaturally acute eyesight. (SInv) [mutagenic meat]
  8835 | D:12     | Gained mutation: You are resistant to hostile enchantments. (MR+) [mutagenic meat]
  8849 | D:12     | Noticed a two-headed ogre
  8860 | D:12     | Demolished by a two-headed ogre

Vault maps used:
D:1:      minmay_arrival_loop
D:3:      tso_metal_star
D:4:      kennysheep_little_box, temple_hall, first_bread, uniq_sigmund
D:5:      grunt_temple_overflow_open, uniq_grinder, uniq_ijyb
D:7:      kennysheep_mini_moat, makhleb_heckhound_becter, uniq_pikel
D:8:      gammafunk_the_bubble, serial_shops, shop_statue, shop
D:9:      lemuel_doored_altar, lair_entry_dummy, uniq_grum
D:10:     gammafunk_corrupted_shrine, orc_0_dummy
D:12:     cheibrodos_ideogram_h
Temple:   eino_narrow_crystal_temple

Skill      XL: |  1  2  3  4  5  6  7  8  9 10 11 12 |
---------------+-------------------------------------+-----
Fighting       | 4 5 6 8 9 10 | 10.4
Armour         | 4 5 7 8 9 |  9.2
Shields        | 4 5 6 7 8 9 11 | 11.8
Axes           | 3 4 5 6 8 10 12 14 | 14.4
Dodging        | 1 2 3 4 5 |  5.6
Stealth        | 1 2 |  2.0
Maces & Flails | 2 |  2.3

Action                   |  1- 3 |  4- 6 |  7- 9 | 10-12 || total
-------------------------+-------+-------+-------+-------++-------
Melee: War axe           |    69 |   117 |   275 |   343 ||   804
       Headbutt          |     8 |    24 |    65 |    85 ||   182
       Flail             |       |       |       |    33 ||    33
  Use: Potion            |       |     1 |       |    14 ||    15
       Scroll            |       |       |       |     8 ||     8
  Eat: Chunk             |       |     4 |    13 |    35 ||    52
       Fruit             |       |       |       |     1 ||     1
Armor: Scale mail        |    26 |    57 |    87 |   110 ||   280
Dodge: Dodged            |    20 |    36 |    82 |   112 ||   250
Block: Shield            |    45 |    54 |   126 |   228 ||   453
       Reflection        |       |       |       |     6 ||     6

Table legend:
 A = Spawn XP
 B = Non-spawn XP
 C = Spawn XP percentage of total XP
 D = Spawn monster count
 E = Non-spawn monster count
 F = Spawn count percentage of total count
 G = Total turns spent on level
                    A         B        C        D         E        F      G
               +---------+---------+-------+---------+---------+-------+---------
         Total |       0 |   24359 |   0.0 |       0 |     315 |   0.0 |  8860
               +---------+---------+-------+---------+---------+-------+---------
           D:1 |       0 |      87 |   0.0 |       0 |      31 |   0.0 |   699
           D:2 |       0 |      52 |   0.0 |       0 |      15 |   0.0 |   608
           D:3 |       0 |     250 |   0.0 |       0 |      28 |   0.0 |   585
           D:4 |       0 |     684 |   0.0 |       0 |      13 |   0.0 |   677
           D:5 |       0 |     872 |   0.0 |       0 |      22 |   0.0 |   956
           D:6 |       0 |    1804 |   0.0 |       0 |      27 |   0.0 |   869
           D:7 |       0 |    1951 |   0.0 |       0 |      28 |   0.0 |  1008
           D:8 |       0 |    3055 |   0.0 |       0 |      32 |   0.0 |  1071
           D:9 |       0 |    1507 |   0.0 |       0 |      32 |   0.0 |   522
          D:10 |       0 |    7314 |   0.0 |       0 |      43 |   0.0 |   884
          D:11 |       0 |    2852 |   0.0 |       0 |      20 |   0.0 |   750
          D:12 |       0 |    3931 |   0.0 |       0 |      24 |   0.0 |   207
               +---------+---------+-------+---------+---------+-------+---------
